 Dungeon Crawl Stone Soup version 0.31.0-32-g396128a36d (webtiles) character file.

Game seed: 10432951269859730236

100548 Drachta the Imperceptible (level 16, 0/107 HPs)
             Began as a Kobold Enchanter on Apr 11, 2024.
             Was the Champion of Dithmenos.
             Slain by a +2 trident of venom (2 damage)
             ... animated by a shadow demon
             ... while paralysed by an air elemental
             ... on level 2 of the Elven Halls on Apr 12, 2024.
             The game lasted 01:38:51 (23830 turns).

Drachta the Imperceptible (Kobold Enchanter)       Turns: 23830, Time: 01:38:52

Health: 0/107      AC: 11    Str:  5    XL:     16   Next: 79%
Magic:  30/30      EV:  3    Int: 21    God:    Dithmenos [******]
Gold:   2248       SH:  0    Dex: 29    Spells: 23/36 levels left

rFire   + + +        F - +6 short sword (venom)
rCold   + . .        t - +0 buckler
rNeg    . . .        A - +2 leather armour {rC+}
rPois   +            G - +0 helmet
rElec   +            y - +2 cloak {rPois}
rCorr   .            U - +2 pair of gloves "Koorgh" {rElec rF++ rC- Dex+2}
SInv    .            u - +2 pair of boots "Docimivi" {rElec rF+}
Will    +....        a - amulet of regeneration Stlth **********
                     d - +6 ring of dexterity
HPRegen 1.17/turn    R - ring of protection from cold
MPRegen 0.22/turn

%: no passive effects
@: paralysed, about to teleport, corroded, wreathed by umbra
A: small, no large weapons, nightstalker 3, clever 1, poison resistance, sturdy
frame 1
a: Renounce Religion, Shadow Step, Shadow Form


You were on level 2 of the Elven Halls.
You worshipped Dithmenos.
Dithmenos was exalted by your worship.
You visited 5 branches of the dungeon, and saw 21 of its levels.
You also visited: Sewer, Ice Cave and Volcano.

You collected 2430 gold pieces.
You spent 182 gold pieces at shops.

Inventory:

Hand Weapons
 q - the +2 short sword of Darkness {speed, +Blink}
   (You found it on level 2 of the Dungeon)

   +Blink:    It lets you blink.
 B - a +4 long sword of draining
 F - a +6 short sword of venom (weapon)
 W - a +4 dagger of holy wrath
Missiles
 O - 2 throwing nets (quivered)
Armour
 t - a +0 buckler (worn)
 u - the +2 pair of boots "Docimivi" (worn) {rElec rF+}
   (You acquired it on level 6 of the Dungeon)

   rF+:       It protects you from fire.
   rElec:     It insulates you from electricity.
 y - a +2 cloak of poison resistance (worn)
 A - a +2 leather armour of cold resistance (worn)
 C - a +0 kite shield
 G - a +0 helmet (worn)
 L - a +0 troll leather armour
 T - a +3 leather armour of fire resistance
 U - the +2 pair of gloves "Koorgh" (worn) {rElec rF++ rC- Dex+2}
   (You found it in a volcano)

   Dex+2:     It affects your dexterity (+2).
   rF++:      It greatly protects you from fire.
   rC-:       It makes you vulnerable to cold.
   rElec:     It insulates you from electricity.
Jewellery
 a - an amulet of regeneration (around neck)
 d - a +6 ring of dexterity (left hand)
 h - a ring of willpower
 Q - a ring of flight
 R - a ring of protection from cold (right hand)
 V - a ring of protection from fire
 Y - an amulet of reflection
Wands
 w - a wand of charming (20)
 E - a wand of flame (31)
 J - a wand of iceblast (18)
 K - a wand of digging (5)
 N - a wand of mindburst (8)
Scrolls
 e - 2 scrolls of vulnerability
 g - 2 scrolls of enchant weapon
 i - 9 scrolls of teleportation
 k - 7 scrolls of butterflies
 s - 3 scrolls of fog
 v - a scroll of immolation
 D - a scroll of poison
 I - 4 scrolls of amnesia
 M - a scroll of fear
 P - a scroll of blinking
 X - a scroll of enchant armour {unknown}
Potions
 b - 4 potions of cancellation
 c - 4 potions of invisibility
 f - 4 potions of haste
 j - 3 potions of mutation
 l - 6 potions of curing
 m - 3 potions of might
 n - 5 potions of resistance
 o - 5 potions of brilliance
 p - 4 potions of lignification
 r - 2 potions of magic
 x - 12 potions of ambrosia
 z - 6 potions of heal wounds
 H - 6 potions of attraction


   Skills:
 * Level 14.5 Fighting
 + Level 10.6 Short Blades
 + Level 0.9 Armour
 + Level 8.3 Dodging
 + Level 22.9 Stealth
 + Level 2.4 Shields
 + Level 10.5 Spellcasting
 + Level 10.0 Hexes
 * Level 2.8 Translocations
 + Level 8.6 Ice Magic


You had 23 spell levels left.
You knew the following spells:

 Your Spells              Type           Power      Damage    Failure   Level
a - Ensorcelled Hibernat  Hex/Ice        100%       N/A       1%          2
b - Confusing Touch       Hex            52%        N/A       1%          3
c - Blink                 Tloc           44%        N/A       6%          2
d - Tukima's Dance        Hex            52%        N/A       1%          3
e - Dazzling Flash        Conj/Hex       64%        N/A       4%          3

Your spell library contained the following spells:

 Spells                   Type           Power      Damage    Failure   Level
 Lesser Beckoning         Tloc           44%        N/A       6%          2
 Momentum Strike          Conj/Tloc      32%        3d8       11%         2
 Foxfire                  Conj/Fire      44%        2x1d6     12%         1
 Kiss of Death            Conj/Necr      44%        2d8       12%         1
 Magic Dart               Conj           44%        1d5       12%         1
 Sting                    Conj/Alch      44%        1d5       12%         1
 Anguish                  Hex/Necr       16%        N/A       16%         4
 Mercury Vapours          Alch/Air       22%        N/A       19%         2
 Searing Ray              Conj           22%        2d5       19%         2
 Static Discharge         Conj/Air       22%        3-4/arc   19%         2
 Fugue of the Fallen      Necr           11%        N/A       36%         3
 Passwall                 Erth           11%        N/A       36%         3
 Swiftness                Air            11%        N/A       36%         3
 Vampiric Draining        Necr           11%        2d6       36%         3
 Airstrike                Air            5%         2d(1-17)  77%         4
 Dispel Undead            Necr           11%        3d9       77%         4
 Fulminant Prism          Conj/Alch      5%         3d6       77%         4
 Olgreb's Toxic Radiance  Alch           11%        N/A       77%         4
 Summon Blazeheart Golem  Fire/Summ      11%        N/A       77%         4
 Summon Lightning Spire   Summ/Air       11%        N/A       77%         4
 Curse of Agony           Necr           11%        N/A       98%         5
 Plasma Beam              Fire/Air       5%         2x1d16    100%        6
 Starburst                Conj/Fire      5%         6d4       100%        6
 Orb of Destruction       Conj           5%         9d5       100%        7
 Spellforged Servitor     Conj/Summ      5%         N/A       100%        7


Dungeon Overview and Level Annotations

Branches:
Dungeon (11/15)            Temple (1/1) D:7            Lair (5/5) D:10
 Shoals (0/4) Lair:2       Spider (0/4) Lair:3        Slime (0/5) Lair:4
    Orc (2/2) D:10            Elf (2/3) Orc:2         Sewer (visited)
  IceCv (visited)         Volcano (visited)

Altars:
Ashenzari
Cheibriados
Dithmenos
Elyvilon
Fedhas
Gozag
Hepliaklqana
Kikubaaqudgha
Makhleb
Nemelex Xobeh
Okawaru
Qazlal
Ru
Sif Muna
Trog
Uskayaw
Vehumet
Wu Jian
Xom
Yredelemnul
Zin
The Shining One

Shops:
Orc:2 *=*(   Elf:1 :   Elf:2 *

Annotations:
Elf:2 5 runed translucent doors


Innate Abilities, Weirdness & Mutations

You are small and have problems with some larger weapons.
You are completely attuned to the shadows.
Your mind is acute. (Int +4, Str/Dex -1)
Your system is resistant to poisons. (rPois)
Your movements are slightly less encumbered by armour. (ER -2)


Message History

You hit the hellwing but do no damage. The rust devil hits you.
The rust devil corrodes you!
The +3 war axe of distortion hits you but does no damage.
You blink.
The +3 war axe of distortion attacks as it pursues you!
The +3 war axe of distortion hits you! The earth elemental hits you!!
The shadow demon hits you. You block the hellwing's attack.
The hellwing hits you. The orc high priest closely misses you.
You block the earth elemental's attack.
The +3 war axe of distortion misses you.
As you read the scroll of teleportation, it crumbles to dust.
You feel strangely unstable. The hellwing barely misses you.
You block the hellwing's attack. The orc high priest misses you.
The +3 war axe of distortion hits you!!
* * * LOW HITPOINT WARNING * * *
Space warps horribly around you!
* * * LOW HITPOINT WARNING * * *
The shadow demon gestures.
You hear a croak.
The shadow demon gives a loud, deep croak!
The air elemental completely misses you.
The hellwing attacks as it pursues you! The hellwing closely misses you.
The hellwing barely misses you. The +2 trident of venom hits you!
* * * LOW HITPOINT WARNING * * *
You are lethally poisoned!
The air elemental misses you.
You feel better.
The air elemental fires a burst of electricity at you.
The stunning burst hits you! You resist.
You suddenly lose the ability to move!
* * * LOW HITPOINT WARNING * * *
The +2 trident of venom hits you but does no damage.
The air elemental fires a burst of electricity at you.
The stunning burst hits you but does no damage.
The hellwing hits you.
* * * LOW HITPOINT WARNING * * *
The hellwing hits you but does no damage.
The orc high priest hits you from afar with a +0 glaive.
* * * LOW HITPOINT WARNING * * *
The +2 trident of venom hits you.
You die...

*********** *,,,,,,,,,* #
*,,..#..,,##### #
####.8.####(..# ##
#.?#...#..4E4.###########.
#:)#...#.@Eo2.[..[......'.
#".#..§2..(.4############'
#[.'._§'§⌠§.#'## #.
#:.#.).'§..§##.## #.
#:/#.[.#...####.## #.
#)$#...#...# ##.## #.
####.8)##### ##.## #.
*./..#..(.# ##.## #.
*..23§e{..# ##>#* #.


You could see an orc high priest, 2 shadow demons, an earth elemental
(summoned), 2 hellwings, a rust devil (summoned), an air elemental (summoned)
and 2 dancing weapons.

Vanquished Creatures
  A deep elf sorcerer (Elf:1)
  2 orc warlords
  2 deep elf demonologists (Elf:2)
  A minotaur (Lair:4)
  An entropy weaver (shapeshifter) (Elf:1)
  The ghost of KineticRobot the Geomancer, a journeyman GrEE of Sif Muna (Lair:3)
  3 hydras
  A death knight (D:8)
  3 two-headed ogres
  7 dancing weapons
  2 boulder beetles
  A vampire mage (Elf:2)
  4 orc high priests
  7 deep elf knights
  The ghost of flestrin the Fighter, a novice DsCK of Xom (D:8)
  A shadow demon (Elf:2)
  A skyshark (Lair:2)
  2 arcanists (Elf:1)
  6 deep elf archers
  An orc knight (Orc:2)
  20 deep elf pyromancers
  15 deep elf zephyrmancers
  An ugly thing (D:11)
  9 orc sorcerers
  2 manticores (D:11)
  A cyclops (D:9)
  A water nymph (Lair:2)
  16 elephants
  A moth of wrath (shapeshifter) (Elf:1)
  A black mamba (shapeshifter) (Elf:1)
  An ice statue (Elf:2)
  Joseph (D:8)
  2 torpor snails
  2 gargoyles
  3 black mambas
  An unseen horror (shapeshifter) (Elf:2)
  10 cane toads
  3 kobold demonologists (Elf:2)
  2 rime drakes
  An unseen horror (D:11)
  11 komodo dragons
  5 trolls
  A merfolk (Lair:2)
  2 polar bears
  7 hornets
  A queen bee (Lair:1)
  18 blink frogs
  7 dream sheep (Lair:5)
  14 spriggans (Lair:5)
  Sigmund (D:3)
  2 wraiths
  2 ynoxinuls (D:11)
  A fire bat (shapeshifter) (Elf:1)
  7 wargs
  3 wyverns
  46 yaks
  5 fire elementals
  4 water moccasins
  Duvessa (D:7)
  3 hell hounds (Volcano)
  31 orc warriors
  6 black bears
  2 ice beasts (D:7)
  A sky beast (D:7)
  6 boggarts
  6 ogres
  41 wolves
  2 centaurs
  4 phantoms
  4 kobold brigands
  9 bullfrogs
  A gnoll sergeant (D:8)
  5 scorpions
  20 wights
  41 killer bees
  Dowan (D:7)
  7 howler monkeys
  An electric eel (Lair:1)
  30 orc priests
  5 hounds
  2 sleepcaps (D:6)
  An iguana (D:5)
  45 orc wizards
  A hell rat (Sewer)
  6 gnolls
  8 adders
  2 river rats (Sewer)
  A white imp (D:5)
  8 ufetubi (D:11)
  3 dart slugs
  3 ribbon worms
  76 orcs
  11 ball pythons
  5 bats
  7 endoplasms
  5 giant cockroaches
  8 goblins
  7 hobgoblins
  6 jackals
  24 kobolds
  6 quokkas
  2 frilled lizards (D:2)
  11 rats
753 creatures vanquished.

Vanquished Creatures (others)
  An orc wizard (D:10)
1 creature vanquished.

Grand Total: 754 creatures vanquished

Notes
Turn   | Place    | Note
-------+----------+-------------------------------------------
     0 | D:1      | Drachta the Kobold Enchanter began the quest for the Orb.
     0 | D:1      | Reached XP level 1. HP: 10/10 MP: 3/3
   126 | D:1      | You fall into a shaft and drop 1 floor!
   134 | D:2      | Reached XP level 2. HP: 16/16 MP: 5/5
   209 | D:1      | Reached skill level 1 in Fighting
   292 | D:1      | Reached XP level 3. HP: 20/20 MP: 6/6
   790 | D:1      | Learned a level 2 spell: Ensorcelled Hibernation
   794 | D:1      | Learned a level 3 spell: Confusing Touch
  1014 | D:2      | Reached skill level 5 in Stealth
  1039 | D:2      | Reached XP level 4. HP: 26/26 MP: 7/7
  1144 | D:2      | Identified the +2 short sword of Darkness {speed, +Blink}
  1786 | D:3      | Found a faded altar of an unknown god.
  1851 | D:3      | Learned a level 2 spell: Blink
  2007 | D:3      | Found a blossoming altar of Fedhas.
  2012 | D:3      | Found a sacrificial altar of Ru.
  2017 | D:3      | Found an iron altar of Okawaru.
  2047 | D:3      | Found a radiant altar of Vehumet.
  2053 | D:3      | Found a shadowy altar of Dithmenos.
  2058 | D:3      | Became a worshipper of Dithmenos the Shadowed
  2143 | D:3      | Identified the +2 hand axe "Asonk" {speed, ^Contam Str+5
                  | Int+6}
  2310 | D:3      | Found an ancient bone altar of Kikubaaqudgha.
  2327 | D:3      | Reached XP level 5. HP: 30/30 MP: 8/8
  2416 | D:3      | Noticed Sigmund
  2425 | D:3      | Killed Sigmund
  2426 | D:3      | Reached skill level 7 in Stealth
  2426 | D:3      | Reached XP level 6. HP: 20/36 MP: 9/9
  2852 | D:4      | Found a glowing drain.
  2870 | Sewer    | Entered a sewer
  3346 | D:4      | Noticed an ogre
  3350 | D:4      | Killed an ogre
  3351 | D:4      | Reached skill level 1 in Ice Magic
  3351 | D:4      | Reached XP level 7. HP: 40/41 MP: 11/11
  3455 | D:4      | Reached * piety under Dithmenos
  3902 | D:5      | Entered Level 5 of the Dungeon
  4018 | D:5      | Reached skill level 8 in Stealth
  4353 | D:5      | Reached XP level 8. HP: 48/48 MP: 12/12
  5004 | D:6      | Identified a scroll of acquirement
  5004 | D:6      | Acquired the +2 pair of boots "Docimivi" {rElec rF+}
  5181 | D:6      | Reached skill level 9 in Stealth
  5492 | D:6      | Acquired a +2 cloak of poison resistance
  5499 | D:6      | Reached skill level 5 in Fighting
  6053 | D:6      | Noticed a wraith
  6064 | D:6      | Killed a wraith
  6065 | D:6      | Reached XP level 9. HP: 54/54 MP: 15/15
  6199 | D:7      | Reached ** piety under Dithmenos
  6210 | D:7      | Gained mutation: Your body sometimes deteriorates upon
                  | taking damage. [potion of mutation]
  6211 | D:7      | Lost mutation: Your body sometimes deteriorates upon taking
                  | damage. [potion of mutation]
  6211 | D:7      | Gained mutation: Your movements are slightly less
                  | encumbered by armour. (ER -2) [potion of mutation]
  6211 | D:7      | Gained mutation: Your system is resistant to poisons.
                  | (rPois) [potion of mutation]
  6211 | D:7      | Gained mutation: Your mind is acute. (Int +4, Str/Dex -1)
                  | [potion of mutation]
  6561 | D:7      | Reached skill level 10 in Stealth
  6571 | D:7      | Found a staircase to the Ecumenical Temple.
  6573 | D:7      | Reached skill level 5 in Hexes
  6588 | Temple   | Entered the Ecumenical Temple
  6677 | D:7      | Reached skill level 5 in Short Blades
  6714 | D:7      | Noticed Duvessa
  6717 | D:7      | Noticed Dowan
  6733 | D:7      | Killed Duvessa
  6734 | D:7      | Reached skill level 11 in Stealth
  6735 | D:7      | Killed Dowan
  6815 | D:7      | Noticed a gargoyle
  6849 | D:7      | Killed a gargoyle
  6850 | D:7      | Reached XP level 10. HP: 38/63 MP: 15/17
  7043 | D:7      | Learned a level 3 spell: Tukima's Dance
  7055 | D:7      | Reached skill level 5 in Spellcasting
  7192 | D:7      | Reached skill level 1 in Shields
  7372 | D:7      | Reached *** piety under Dithmenos
  7400 | D:7      | Reached skill level 12 in Stealth
  7546 | D:8      | HP: 3/64 [yak (12)]
  8048 | D:8      | Reached skill level 13 in Stealth
  8244 | D:8      | Noticed Joseph
  8245 | D:8      | Killed Joseph
  8246 | D:8      | Reached XP level 11. HP: 69/69 MP: 19/19
  8347 | D:8      | Reached **** piety under Dithmenos
  8875 | D:9      | Reached skill level 14 in Stealth
  8902 | D:9      | Noticed a two-headed ogre
  8906 | D:9      | Killed a two-headed ogre
  8922 | D:9      | Found a runed translucent gate.
  8925 | D:9      | Found a runed translucent gate.
  8925 | D:9      | Found an opulent altar of Gozag.
  9029 | D:9      | Noticed a two-headed ogre
  9033 | D:9      | Killed a two-headed ogre
  9280 | D:9      | Reached skill level 15 in Stealth
  9352 | D:9      | Found a runed translucent gate.
  9637 | D:9      | Noticed a cyclops
  9639 | D:9      | Noticed a death knight
  9640 | D:9      | Noticed flestrin's ghost (novice DsCK)
  9650 | D:9      | Paralysed by a hornet for 2 turns
  9674 | D:8      | Killed flestrin's ghost
  9726 | D:8      | Killed a death knight
  9743 | D:9      | Killed a cyclops
  9744 | D:9      | Reached XP level 12. HP: 47/76 MP: 21/21
  9817 | D:10     | Entered Level 10 of the Dungeon
 10023 | D:10     | Noticed a two-headed ogre
 10028 | D:10     | Killed a two-headed ogre
 10146 | D:10     | Found a staircase to the Lair.
 10196 | D:10     | Found a staircase to the Orcish Mines.
 10237 | D:10     | Reached ***** piety under Dithmenos
 11135 | D:11     | Identified the +5 war axe of Satiodgh {antimagic, Int+3
                  | Dex+6}
 11157 | D:11     | Reached skill level 16 in Stealth
 11577 | D:11     | Reached skill level 10 in Fighting
 11903 | Lair:1   | Entered Level 1 of the Lair of Beasts
 11957 | Lair:1   | Found a hide-covered altar of Uskayaw.
 12085 | Lair:1   | Reached skill level 5 in Dodging
 12120 | Lair:1   | Reached skill level 5 in Ice Magic
 12746 | Lair:1   | Noticed a boulder beetle
 12751 | Lair:1   | Reached skill level 17 in Stealth
 12753 | Lair:1   | Killed a boulder beetle
 12754 | Lair:1   | Reached XP level 13. HP: 83/83 MP: 24/24
 13820 | Lair:2   | Reached skill level 18 in Stealth
 14462 | Lair:3   | Identified the amulet of Onez {RegenMP Str+3}
 14512 | Lair:3   | Found a hole to the Spider Nest.
 14938 | Lair:3   | Found a dark tunnel.
 14944 | Volcano  | Entered a volcano
 14971 | Volcano  | Reached ****** piety under Dithmenos
 15027 | Volcano  | Reached XP level 14. HP: 86/91 MP: 6/26
 15172 | Volcano  | Identified the +2 pair of gloves "Koorgh" {rElec rF++ rC-
                  | Dex+2}
 15284 | Lair:3   | Found a large runed translucent door.
 15284 | Lair:3   | Found a large runed translucent door.
 15312 | Lair:3   | Reached skill level 19 in Stealth
 15804 | Lair:3   | Noticed KineticRobot's ghost (journeyman GrEE)
 15808 | Lair:3   | Killed KineticRobot's ghost
 16174 | Lair:4   | Got the Vademecum on the Aerial Morgue
 16308 | Lair:4   | Found a staircase to the Slime Pits.
 16337 | Lair:4   | Reached skill level 20 in Stealth
 16568 | Lair:4   | Found a runed translucent door.
 17078 | Lair:4   | Noticed a minotaur
 17095 | Lair:4   | Killed a minotaur
 17294 | Lair:5   | Entered Level 5 of the Lair of Beasts
 18308 | Lair:5   | Reached XP level 15. HP: 84/97 MP: 1/28
 18991 | Lair:5   | Learned a level 3 spell: Dazzling Flash
 19237 | Lair:5   | Reached skill level 21 in Stealth
 19515 | Orc:1    | Entered Level 1 of the Orcish Mines
 19917 | Orc:2    | Entered Level 2 of the Orcish Mines
 19922 | Orc:2    | Noticed an orc warlord
 19933 | Orc:1    | Paralysed by an orc sorcerer for 2 turns
 20059 | Orc:2    | Noticed an orc warlord
 20072 | Orc:2    | Killed an orc warlord
 20335 | Orc:1    | Killed an orc warlord
 20436 | Orc:2    | Found a staircase to the Elven Halls.
 20724 | Orc:2    | Reached skill level 10 in Spellcasting
 21034 | Orc:2    | Reached skill level 10 in Short Blades
 21069 | Orc:2    | Found Hitasecu's Antique Weapon Boutique.
 21083 | Orc:2    | Found Deklirif's Jewellery Shop.
 21084 | Orc:2    | Found Wiujigy's General Store.
 21090 | Orc:2    | Found Naagol's Assorted Antiques.
 21534 | Elf:1    | Entered Level 1 of the Elven Halls
 21622 | Elf:1    | Noticed a deep elf sorcerer
 21626 | Elf:1    | Reached skill level 22 in Stealth
 21627 | Elf:1    | Killed a deep elf sorcerer
 21628 | Elf:1    | Reached XP level 16. HP: 105/105 MP: 30/30
 21824 | Elf:1    | Found Hiujol's Book Emporium.
 23166 | Elf:2    | Reached skill level 1 in Translocations
 23189 | Elf:2    | Found a glacial archway.
 23196 | Elf:2    | Reached skill level 10 in Hexes
 23204 | IceCv    | Entered an ice cave
 23339 | Elf:2    | Found Ynohitot's General Store.
 23344 | Elf:2    | Bought a scroll of teleportation for 39 gold pieces
 23344 | Elf:2    | Bought a potion of curing for 39 gold pieces
 23344 | Elf:2    | Bought a potion of invisibility for 104 gold pieces
 23359 | Elf:2    | Found a huge runed translucent gate.
 23359 | Elf:2    | Found a huge runed translucent gate.
 23360 | Elf:2    | Found a huge runed translucent gate.
 23361 | Elf:2    | Found a huge runed translucent gate.
 23363 | Elf:2    | Found a huge runed translucent gate.
 23466 | Elf:2    | Found a shimmering blue altar of Sif Muna.
 23639 | Elf:2    | Identified the +1 ring mail of Resilience {rF+ rCorr Dex+2}
 23830 | Elf:2    | Paralysed by an air elemental for 1 turns
 23830 | Elf:2    | HP: 4/107 [hellwing[an orc high priest] (5)]
 23830 | Elf:2    | Slain by a +2 trident of venom

Illustrated notes

Levels and vault maps discovered:
D:1:      dpeg_arrival_refuge, layout_basic, nicolae_twisty_statue_hallways
D:2:      layout_loops_ring, lightli_corner_chamber
D:3:      layout_basic, kiku_gazebo_garden_becter,
          minmay_overflow_temple_star_hex, dilly_ecumenical_altar_fadedgnrine,
          grunt_ministairs_2, chequers_arboretum, uniq_sigmund
D:4:      layout_loops_ring, cheibrodos_sewer_entry_drain
D:5:      layout_layer_cave
D:6:      layout_cave_pods
D:7:      layout_basic, minmay_temple_entry_statues_fountains, uniq_duvessa
D:8:      nicolae_cairo_tiling, layout_cave_pods, uniq_joseph
D:9:      layout_cave_pools, ebering_ghost_gozag
D:10:     layout_cave_pods, lair_entry_dummy, minmay_orc_entry_temple_small
D:11:     layout_small_grid, grunt_decor_mini_mirrors, nicolae_fort_ynox
Temple:   nicolae_temple_x_marks_the_god
Lair:1:   layout_roguey [special_room_bee], basic_altar,
          cheibrodos_lair_caveside_slide, st_stairs_9, pdpol_lair_cavern_descent
Lair:2:   layout_regular_city, nicolae_shoals_entry_flooding,
          nzn_sisyphean_effort
Lair:3:   layout_roguey, dummy_spider_entry, ebering_ghost_disaster_area,
          lightli_volcano_entry_magma_tube, beast_lair_carwin_10
Lair:4:   dreamdust_labyrinth, layout_small_grid, slime_entry_1
Lair:5:   minmay_lair_end_enchanted_forest, layout_regular_city
Orc:1:    layout_caves, basic_altar
Orc:2:    st_orc_mages, layout_diamond_mine, basic_altar
Elf:1:    eino_elf_arrival_the_gate, layout_loops_corners, serial_shops,
          nicolae_shop_tiny_real_fake_doors, hangedman_elf_disciples
Elf:2:    elven_hall_of_blades_hangedman_alternative
          [mumra_blade_entry_bloodbath], layout_geoelf_octagon,
          portal_ice_cave_entry_ice_statue_one, serial_shops, shop,
          hangedman_summoners_spam

Skill      XL: |  1  2  3  4  5  6  7  8  9 10 11 12 13 14 15 16 |
---------------+-------------------------------------------------+-----
Fighting       | 1 2 3 4 5 7 8 9 10 11 12 13 14 | 14.5
Stealth        | 5 7 8 9 11 13 15 17 18 20 22 | 22.9
Short Blades   | 2 3 4 5 6 7 8 9 10 | 10.6
Ice Magic      | 1 2 3 4 5 6 7 8 |  8.6
Spellcasting   | 3 4 5 6 7 8 9 10 | 10.5
Hexes          | 4 5 6 7 8 9 10 | 10.0
Dodging        | 3 4 5 6 7 8 |  8.3
Shields        | 1 2 |  2.4
Translocations | 2 |  2.8
Armour         | |  0.9

Action                     |  1- 3 |  4- 6 |  7- 9 | 10-12 | 13-15 | 16-18 || total
---------------------------+-------+-------+-------+-------+-------+-------++-------
  Melee: Dagger            |    56 |     6 |       |       |       |       ||    62
         Short sword       |       |    62 |   159 |   403 |   706 |   240 ||  1570
         Punch             |       |     1 |     2 |     2 |     2 |       ||     7
   Cast: Ensorcelled Hiber |       |    14 |    54 |   115 |   257 |    40 ||   480
         Confusing Touch   |       |       |     9 |    15 |     4 |     1 ||    29
         Blink             |       |       |       |       |       |     1 ||     1
    Use: Scroll            |       |     8 |     9 |     3 |     8 |     3 ||    31
         Potion            |       |       |     2 |     2 |     1 |     2 ||     7
   Stab: Sleeping          |    24 |    39 |    51 |   122 |   240 |    33 ||   509
         Distracted        |       |     1 |     2 |     3 |    12 |     4 ||    22
         Confused          |       |       |    13 |    15 |     4 |       ||    32
         Invisible         |       |       |       |     6 |       |       ||     6
 Armour: Robe              |     8 |    15 |    14 |       |       |       ||    37
         Leather armour    |       |       |    37 |    45 |       |    79 ||   161
         Troll leather arm |       |       |       |   142 |   300 |    66 ||   508
  Dodge: Dodged            |    25 |    20 |    98 |   399 |   654 |   198 ||  1394
  Block: Kite shield       |       |       |    17 |       |       |       ||    17
         Buckler           |       |       |       |       |    85 |    56 ||   141
